 Dungeon Crawl Stone Soup version 0.25-a0-504-g768f60da87 (webtiles) character file.

Game seed: 15955339888470898402, levelgen mode: deterministic

9920 BeastOfSaturn the Tainter (level 11, -6/64 HPs)
             Began as a Demonspawn Venom Mage on Feb 14, 2020.
             Was a Priest of Hepliaklqana.
             Mangled by a seven-headed hydra (7 damage)
             ... on level 1 of the Lair of Beasts.
             The game lasted 00:53:19 (11930 turns).

BeastOfSaturn the Tainter (Demonspawn Venom Mage)  Turns: 11930, Time: 00:53:20

Health: -6/64      AC:  7    Str: 13    XL:     11   Next: 29%
Magic:  15/17      EV: 14    Int: 16    God:    Hepliaklqana [***...]
Gold:   604        SH: 11    Dex: 13    Spells: 5/18 levels left

rFire    + . .     SeeInvis +   d - +4 spear
rCold    + . .     Gourm    .   j - +0 buckler
rNeg     . . .     Faith    .   f - +2 leather armour {rC+}
rPois    .         Spirit   .   (no helmet)
rElec    .         Reflect  .   m - scarf {cloud immunity}
rCorr    .         Harm     .   (no gloves)
MR       .....                  s - +0 pair of boots
Stlth    ++........             q - amulet of magic regeneration
HPRegen  0.20/turn              p - ring of see invisible
MPRegen  0.40/turn              z - ring of protection from fire

@: very slightly contaminated
A: reduced essence, claws 2, large bone plates 2, demonic guardian 1, powered by
pain 2
a: Recall Ancestor, Ancestor Identity, Transference, Renounce Religion


You were on level 1 of the Lair of Beasts.
You worshipped Hepliaklqana.
Hepliaklqana was most pleased with you.
You were not hungry.

You visited 4 branches of the dungeon, and saw 14 of its levels.

You collected 888 gold pieces.
You spent 284 gold pieces at shops.

Inventory:

Hand Weapons
 d - a +4 spear (weapon)
Armour
 f - a +2 leather armour of cold resistance (worn)
 j - a +0 buckler (worn)
 m - a scarf of cloud immunity (worn)
 s - a +0 pair of boots (worn)
Jewellery
 l - an uncursed ring of protection from cold
 p - a ring of see invisible (left claw)
 q - an amulet of magic regeneration (around neck)
 z - a ring of protection from fire (right claw)
 C - an uncursed ring of stealth {unknown}
Wands
 k - a wand of iceblast (11)
 n - a wand of paralysis (5)
 u - a wand of enslavement (19)
Scrolls
 b - a scroll of enchant armour {unknown}
 e - a scroll of enchant weapon
 h - 2 scrolls of remove curse
 t - 5 scrolls of teleportation
 w - 6 scrolls of identify
 y - 4 scrolls of noise {unknown}
Potions
 a - a potion of agility {unknown}
 g - 2 potions of might {unknown}
 i - 2 potions of lignification {unknown}
 o - 5 potions of curing
 r - a potion of flight {unknown}
 v - 5 potions of ambrosia {unknown}
 x - a potion of haste
 A - a potion of mutation {unknown}
 B - a potion of berserk rage {unknown}
 D - 3 potions of heal wounds
Comestibles
 c - 20 rations


   Skills:
 + Level 2.0 Fighting
 + Level 8.8 Polearms
 * Level 6.8 Armour
 + Level 5.4 Dodging
 - Level 1.7 Stealth
 - Level 4.0 Shields
 * Level 4.0 Spellcasting
 + Level 2.1 Conjurations
 + Level 0.3 Translocations
 + Level 0.8 Transmutations
 + Level 1.0 Air Magic
 - Level 9.0 Poison Magic
 - Level 5.0 Invocations


You had 5 spell levels left.
You knew the following spells:

 Your Spells              Type           Power        Failure   Level  Hunger
a - Sting                 Tmut/Pois      ###.         2%          1    None
b - Poisonous Vapours     Pois/Air       ###...       4%          2    ##.....
c - Mephitic Cloud        Conj/Pois/Air  ###.....     12%         3    ###....
d - Magic Dart            Conj           ##..         9%          1    None
e - Blink                 Tloc           N/A          26%         2    ##.....
f - Olgreb's Toxic Radia  Pois           ####....     4%          4    ####...

Your spell library contained the following spells:

 Spells                   Type           Power        Failure   Level  Hunger
 Ignite Poison            Fire/Tmut/Pois ##......     16%         3    ###....
 Call Imp                 Summ           #.......     30%         2    ##.....
 Slow                     Hex            #.......     30%         2    ##.....
 Conjure Flame            Conj/Fire      #.......     36%         3    ###....


Dungeon Overview and Level Annotations

Branches:
Dungeon (10/15)            Temple (1/1) D:4            Lair (1/6) D:10
    Orc (2/2) D:9
    Elf: Orc:2

Altars:
Ashenzari
Cheibriados
Dithmenos
Elyvilon
Fedhas
Gozag
Hepliaklqana
Kikubaaqudgha
Makhleb
Nemelex Xobeh
Okawaru
Qazlal
Ru
Sif Muna
Trog
Uskayaw
Vehumet
Wu Jian
Xom
Yredelemnul
Zin
The Shining One

Shops:
D:10 :}[!!

Annotations:
Orc:2 Azrael


Innate Abilities, Weirdness & Mutations

You have very sharp fingernails.
You are mostly covered in large bone plates. (SH +6)
A weak demonic guardian rushes to your aid.
You sometimes gain power by taking damage.
Your life essence is reduced to manifest your ancestor. (-10% HP)


Message History

Attack whom?
Press: ? - help, Dir - move target cursor, f/p - seven-headed hydra
Aim: a seven-headed hydra (almost dead)
You reach to attack!
You hit the seven-headed hydra.
The seven-headed hydra is almost dead.
You hit the seven-headed hydra.
The seven-headed hydra is almost dead.
The seven-headed hydra barely misses you.
The seven-headed hydra bites you. The seven-headed hydra misses you.
The seven-headed hydra bites you! x2
* * * LOW HITPOINT WARNING * * *
The seven-headed hydra bites you!
* * * LOW HITPOINT WARNING * * *
The seven-headed hydra misses you.
Casting: Mephitic Cloud (safe; 12% risk of failure)
Confirm with . or Enter, or press ? or * to list all spells.
You miscast Blink.
You are very lightly contaminated with residual magic.
Nothing appears to happen.
The seven-headed hydra bites you!
You die...

### ### ####.######## #.##
............# ##### #...
............# ###P#.########^..
.....†......#####............'...
........(......D@..###P####P##...
............##.##P## ### ###....
............####### #....
.............# #....
##.###..#.#### ##... ## ####.#
#### #...# ### ### ####.####
###.####P### ### ###.##.##.#
#..........# ...


You could see a seven-headed hydra.

Vanquished Creatures
  A two-headed ogre (D:9)
  Maurice (D:8)
  Psyche (D:8)
  A gargoyle (D:10)
  Prince Ribbit (D:8)
  A hippogriff (D:7)
  6 orc warriors
  A slave (D:8)
  A sky beast (D:5)
  3 black bears
  6 ogres
  A phantom (D:5)
  6 centaurs
  2 big kobolds (D:8)
  A bullfrog (D:9)
  A scorpion (D:4)
  3 killer bees
  2 howler monkeys (D:9)
  6 crimson imps
  2 hounds
  A jelly (D:9)
  A centaur skeleton (D:7)
  3 orc priests
  An orc wizard (D:10)
  2 iguanas
  Ijyb (D:4)
  7 worker ants
  2 hound skeletons
  6 gnolls
  5 adders
  5 oozes (D:9)
  An adder skeleton (D:4)
  3 worms
  2 dart slugs
  2 leopard geckos
  20 orcs
  8 bats
  5 giant cockroaches
  8 goblins
  5 hobgoblins
  6 jackals
  19 kobolds
  A quokka (D:6)
  A ball python (D:5)
  5 frilled lizards
  A quokka zombie (D:7)
  5 rats
173 creatures vanquished.

Vanquished Creatures (collateral kills)
  A two-headed ogre (D:9)
  An unseen horror (D:10)
  Pikel (D:8)
  An ugly thing (D:10)
  2 cyclopes (Orc:1)
  A troll (D:9)
  A water moccasin (D:9)
  4 ice beasts
  A sky beast (D:5)
  An orc warrior (D:9)
  A black bear (D:8)
  A phantom (D:9)
  4 ogres
  2 centaurs
  5 bullfrogs
  4 killer bees
  A howler monkey (D:7)
  A crimson imp (D:7)
  A centaur zombie (D:10)
  A bullfrog zombie (D:8)
  A centaur skeleton (D:10)
  A hound (D:4)
  2 jellies (D:9)
  An orc wizard (D:10)
  An orc priest (Orc:1)
  An iguana (D:7)
  A worker ant (D:9)
  A hound zombie (D:6)
  A hound skeleton (D:5)
  2 gnolls (D:6)
  A howler monkey skeleton (D:7)
  An adder (D:7)
  An adder skeleton (D:4)
  An adder zombie (D:7)
  A leopard gecko (D:8)
  3 orcs
  4 jackals
  A jackal skeleton (D:7)
60 creatures vanquished.

Vanquished Creatures (others)
  2 knights
  2 ancestors
4 creatures vanquished.

Grand Total: 237 creatures vanquished

Notes
Turn   | Place    | Note
-------+----------+-------------------------------------------
     0 | D:1      | BeastOfSaturn the Demonspawn Venom Mage began the quest for
                  | the Orb.
     0 | D:1      | Reached XP level 1. HP: 13/13 MP: 3/3
   415 | D:1      | Gained mutation: You are partially covered in large bone
                  | plates. (SH +4) [demonic ancestry]
   415 | D:1      | Reached XP level 2. HP: 19/19 MP: 5/5
  1047 | D:2      | Learned a level 2 spell: Poisonous Vapours
  1136 | D:2      | Gained mutation: You sometimes gain a little power by
                  | taking damage. [demonic ancestry]
  1136 | D:2      | Reached XP level 3. HP: 24/24 MP: 6/6
  1701 | D:2      | Learned a level 3 spell: Mephitic Cloud
  1932 | D:3      | Reached skill level 1 in Armour
  1932 | D:3      | Reached XP level 4. HP: 19/30 MP: 3/7
  2028 | D:3      | Reached skill level 1 in Polearms
  2028 | D:3      | Reached skill level 4 in Poison Magic
  2800 | D:4      | Gained mutation: You have sharp fingernails. [demonic
                  | ancestry]
  2800 | D:4      | Reached XP level 5. HP: 36/36 MP: 0/8
  3136 | D:4      | Learned a level 1 spell: Magic Dart
  3139 | D:4      | Learned a level 2 spell: Blink
  3142 | D:4      | Found a staircase to the Ecumenical Temple.
  3149 | Temple   | Entered the Ecumenical Temple
  3233 | Temple   | Became a worshipper of Hepliaklqana the Forgotten
  3295 | D:4      | Reached skill level 1 in Air Magic
  3358 | D:4      | Reached skill level 1 in Fighting
  3358 | D:4      | Gained mutation: A weak demonic guardian rushes to your
                  | aid. [demonic ancestry]
  3358 | D:4      | Reached XP level 6. HP: 32/38 MP: 3/10
  3429 | D:4      | Found an iron altar of Okawaru.
  3720 | D:4      | Noticed Ijyb
  3724 | D:4      | Killed Ijyb
  3901 | D:5      | Entered Level 5 of the Dungeon
  3954 | D:5      | Noticed a sky beast
  3968 | D:5      | Killed a sky beast
  4278 | D:5      | Gained mutation: You have very sharp fingernails. [demonic
                  | ancestry]
  4278 | D:5      | Reached XP level 7. HP: 44/44 MP: 1/11
  4406 | D:5      | Found a burning altar of Makhleb.
  4438 | D:5      | Reached skill level 1 in Shields
  4454 | D:5      | Reached skill level 5 in Poison Magic
  4750 | D:5      | Reached * piety under Hepliaklqana
  4880 | D:6      | Reached skill level 1 in Conjurations
  5148 | D:6      | Gained mutation: You are mostly covered in large bone
                  | plates. (SH +6) [demonic ancestry]
  5148 | D:6      | Reached XP level 8. HP: 47/50 MP: 13/13
  5725 | D:6      | Reached ** piety under Hepliaklqana
  5726 | D:6      | Remembered your ancestor Titan as a knight
  6097 | D:7      | Noticed a hippogriff
  6110 | D:7      | Killed a hippogriff
  6110 | D:7      | Reached skill level 6 in Poison Magic
  6116 | D:7      | Learned a level 4 spell: Olgreb's Toxic Radiance
  6265 | D:7      | Reached XP level 9. HP: 20/54 MP: 15/15
  6569 | D:7      | You fall into a shaft and drop 2 floors!
  6583 | D:9      | Found a staircase to the Orcish Mines.
  6610 | D:9      | Noticed a two-headed ogre
  6612 | D:9      | Noticed a troll
  6618 | D:9      | Reached skill level 5 in Armour
  6625 | D:9      | Killed a two-headed ogre
  6625 | D:9      | Reached skill level 5 in Polearms
  6625 | D:9      | Reached skill level 7 in Poison Magic
  6625 | D:9      | Killed a troll
  6710 | D:9      | Reached skill level 8 in Poison Magic
  6862 | D:9      | Reached skill level 1 in Invocations
  6945 | D:9      | Gained mutation: You sometimes gain power by taking damage.
                  | [demonic ancestry]
  6945 | D:9      | Reached XP level 10. HP: 55/60 MP: 16/16
  7104 | D:9      | Noticed a two-headed ogre
  7116 | D:9      | Killed a two-headed ogre
  7624 | D:10     | Entered Level 10 of the Dungeon
  7857 | D:8      | Noticed Maurice
  7873 | D:8      | Killed Maurice
  7873 | D:8      | Reached skill level 9 in Poison Magic
  8164 | D:8      | Reached *** piety under Hepliaklqana
  8351 | D:8      | Noticed Psyche
  8362 | D:8      | Killed Psyche
  8604 | D:8      | Noticed Prince Ribbit
  8635 | D:8      | Killed Prince Ribbit
  8684 | D:8      | Noticed Pikel
  8691 | D:8      | Killed Pikel
  8844 | D:8      | Found an ancient bone altar of Kikubaaqudgha.
  9257 | D:7      | Reached skill level 5 in Invocations
 10015 | D:10     | Noticed a gargoyle
 10034 | D:10     | Killed a gargoyle
 10255 | D:10     | Noticed a cyan ugly thing
 10267 | D:10     | Killed a cyan ugly thing
 10267 | D:10     | Reached XP level 11. HP: 35/64 MP: 14/17
 10446 | D:10     | Found Haoposeu's Armour Boutique.
 10469 | D:10     | Found a staircase to the Lair.
 10494 | D:10     | Reached skill level 5 in Dodging
 10513 | D:10     | Found Lyntuana's Book Emporium.
 10545 | D:10     | Found Egijeh's Gadget Emporium.
 11025 | Orc:1    | Entered Level 1 of the Orcish Mines
 11416 | Orc:2    | Entered Level 2 of the Orcish Mines
 11416 | Orc:2    | Noticed Azrael
 11472 | D:10     | Killed an unseen horror
 11617 | D:10     | Found Qeepruev's Distillery.
 11625 | D:10     | Bought a potion of curing for 42 gold pieces
 11625 | D:10     | Bought a potion of curing for 42 gold pieces
 11625 | D:10     | Bought a potion of heal wounds for 70 gold pieces
 11637 | D:10     | Found Loeh's Distillery.
 11654 | D:10     | Bought a potion of heal wounds for 65 gold pieces
 11654 | D:10     | Bought a potion of heal wounds for 65 gold pieces
 11788 | Lair:1   | Entered Level 1 of the Lair of Beasts
 11884 | Lair:1   | Noticed a seven-headed hydra
 11929 | Lair:1   | HP: 1/64 [seven-headed hydra (14)]
 11930 | Lair:1   | Mangled by a seven-headed hydra

Levels and vault maps discovered:
D:1:      dpeg_arrival_radiant, layout_loops_ring, minmay_hedge_maze,
          skrybe_limestone_x, hex_large, wander_ebering_terrifying_dragon_lair
D:2:      layout_loops_ring
D:3:      layout_basic, amethyst_killhole
D:4:      layout_loops_ring, minmay_temple_entry_statues,
          okawaru_metal_pillars_3, uniq_ijyb
D:5:      layout_loops_corners, first_ration, bloody_makhleb
D:6:      layout_layer_cave, minmay_diced_spiral
D:7:      layout_loops_cross, minmay_alternating_orb
D:8:      layout_loops_ring, lemuel_round_altar, uniq_maurice, uniq_psyche,
          uniq_prince_ribbit1, uniq_pikel
D:9:      layout_basic, orc_david_3, hangedman_little_slice_of_home
D:10:     layout_gridville, lair_entry_dummy, serial_shops,
          kennysheep_little_box, nicolae_shop_stone, kennysheep_mini_moat, shop,
          shop
Temple:   compressed_dpeg_circular_temple
Lair:1:   layout_roguey, serial_bayou_shore_b
Orc:1:    layout_diamond_mine, serial_shops, nicolae_shop_statue_plus
Orc:2:    st_orc_open, layout_caves, uniq_azrael

Skill      XL: |  1  2  3  4  5  6  7  8  9 10 11 |
---------------+----------------------------------+-----
Dodging        | 2 3 4 5 |  5.4
Armour         | 1 2 3 4 5 6 |  6.8
Polearms       | 1 2 3 4 5 8 |  8.8
Poison Magic   | 4 5 6 8 9 |  9.0
Air Magic      | 1 |  1.0
Fighting       | 1 2 |  2.0
Spellcasting   | 3 4 |  4.0
Shields        | 1 3 4 |  4.0
Conjurations   | 1 2 |  2.1
Invocations    | 1 5 |  5.0
Stealth        | |  1.7
Translocations | |  0.3
Transmutations | |  0.8

Action                   |  1- 3 |  4- 6 |  7- 9 | 10-12 || total
-------------------------+-------+-------+-------+-------++-------
Melee: Spear             |    78 |   113 |   264 |   266 ||   721
       Unarmed           |     1 |       |       |       ||     1
 Cast: Sting             |    10 |     1 |     2 |     2 ||    15
       Poisonous Vapours |     5 |    18 |    19 |    33 ||    75
       Blink             |       |     1 |       |       ||     1
       Magic Dart        |       |     3 |     1 |     2 ||     6
       Mephitic Cloud    |       |     2 |     8 |     7 ||    17
       Olgreb's Toxic Ra |       |       |     5 |    10 ||    15
Invok: Ancestor Identity |       |     1 |       |       ||     1
       Ancestor Life: Kn |       |       |     1 |       ||     1
       Recall Ancestor   |       |       |     1 |     2 ||     3
  Use: Scroll            |       |     6 |     2 |     2 ||    10
 Stab: Sleeping          |     9 |     3 |     5 |     7 ||    24
       Confused          |       |       |     5 |     3 ||     8
       Distracted        |       |       |     1 |       ||     1
  Eat: Ration            |     1 |     1 |     2 |     5 ||     9
       Chunk             |       |     5 |     8 |       ||    13
Armor: Leather armour    |    15 |    18 |    23 |    31 ||    87
       Robe              |     1 |       |       |       ||     1
Dodge: Dodged            |    19 |    42 |    75 |    67 ||   203
Block: Other             |    11 |     7 |       |       ||    18
       Buckler           |       |       |    69 |    74 ||   143

Table legend:
 A = Non-vault XP
 B = Vault XP
 C = Vault XP percentage of total XP
 D = Non-vault monster count
 E = Vault monster count
 F = Vault count percentage of total count
                 A         B        C        D         E       F
            +---------+---------+-------+---------+---------+-------
      Total |   11402 |    2770 |  19.5 |     202 |      30 |  12.9
            +---------+---------+-------+---------+---------+-------
        D:1 |      24 |       3 |  11.1 |      14 |       1 |   6.7
        D:2 |      37 |       0 |   0.0 |      20 |       0 |   0.0
        D:3 |     127 |       0 |   0.0 |      18 |       0 |   0.0
        D:4 |     289 |      36 |  11.1 |      19 |       1 |   5.0
        D:5 |     647 |       0 |   0.0 |      13 |       0 |   0.0
        D:6 |     335 |      53 |  13.7 |       8 |       3 |  27.3
        D:7 |    1381 |     631 |  31.4 |      24 |      10 |  29.4
        D:8 |    1084 |    1629 |  60.0 |      33 |       4 |  10.8
        D:9 |    3307 |     418 |  11.2 |      20 |      11 |  35.5
       D:10 |    2527 |       0 |   0.0 |      19 |       0 |   0.0
     Lair:1 |      93 |       0 |   0.0 |       1 |       0 |   0.0
      Orc:1 |    1551 |       0 |   0.0 |      13 |       0 |   0.0
            +---------+---------+-------+---------+---------+-------
